 Dungeon Crawl Stone Soup version 0.22.1-2-g9c5b331 (console) character file.

188 utis the Magician (level 5, 0/24 HPs)
             Began as a Spriggan Earth Elementalist on Nov 18, 2018.
             Killed by divine providence
             ... invoked by an orc priest
              (13 damage)
             ... on level 3 of the Dungeon.
             The game lasted 00:11:51 (3760 turns).

utis the Magician (Spriggan Earth Elementalist)     Turns: 3760, Time: 00:11:52

Health: 0/24       AC:  2    Str:  4    XL:     5   Next: 39%
Magic:  8/13       EV: 18    Int: 17    God:
Gold:   177        SH:  0    Dex: 17    Spells: 8/14 levels left

rFire    . . .     SeeInvis +   a - +0 whip
rCold    . . .     Gourm    .   (shield restricted)
rNeg     . . .     Faith    .   c - +0 robe
rPois    .         Spirit   .   (helmet restricted)
rElec    .         Reflect  .   (no cloak)
rCorr    .         Harm     .   (gloves unavailable)
MR       .....                  (boots unavailable)
Stlth    ++........             (no amulet)
HPRegen  0.08/turn              (no ring)
MPRegen  0.13/turn              (no ring)

@: very slightly contaminated, very quick
A: very small, unfitting armour, see invisible, herbivore, speed 3, slow
metabolism 2
a: no special abilities


You were on level 3 of the Dungeon.
You were not hungry.

You visited 1 branch of the dungeon, and saw 3 of its levels.

You collected 177 gold pieces.

Inventory:

Hand Weapons
 a - a +0 whip (weapon)
 j - a +0 mace
 l - a +0 hunting sling
Missiles
 s - 36 stones (quivered)
Armour
 c - a +0 robe (worn)
Jewellery
 k - an uncursed amulet of magic regeneration {unknown}
 t - a +2 amulet of reflection {unknown}
 v - a cursed ring of attention {unknown}
Scrolls
 e - a scroll of teleportation {unknown}
 g - a scroll of magic mapping {unknown}
 i - a scroll of identify {unknown}
 n - 3 scrolls of remove curse {unknown}
 o - a scroll of enchant weapon {unknown}
 p - a scroll of immolation {unknown}
 u - a scroll of amnesia {unknown}
Potions
 b - a potion of agility {unknown}
 f - a potion of might {unknown}
 h - 2 potions of heal wounds {unknown}
 m - a potion of resistance {unknown}
 q - a potion of magic {unknown}
 r - a potion of degeneration {unknown}
 w - a potion of flight {unknown}
Comestibles
 d - 9 rations


   Skills:
 - Level 3.0 Dodging
 - Level 3.0 Stealth
 + Level 5.0 Spellcasting
 - Level 2.1 Conjurations
 - Level 1.3 Transmutations
 - Level 3.5 Earth Magic


You had 8 spell levels left.
You knew the following spells:

 Your Spells              Type           Power        Failure   Level  Hunger
p - Passwall              Tmut/Erth      ##......     8%          2    #......
w - Stone Arrow           Conj/Erth      ##....       13%         3    ###....
z - Sandblast             Erth           ###...       3%          1    None

Your spell library contained the following spells:

 Spells                   Type           Power        Failure   Level  Hunger
 Petrify                  Tmut/Erth      ##......     45%         4    ####...
 Lee's Rapid Deconstruct  Erth           ###.......   67%         5    ######.


Dungeon Overview and Level Annotations

Branches:
Dungeon (3/15)

Altars:
Yredelemnul

Annotations:
D:3 3 runed doors, Paps's ghost, amateur DsFi


Innate Abilities, Weirdness & Mutations

You are very small and have problems with some larger weapons.
You are too small for most types of armour.
You have supernaturally acute eyesight. (SInv)
You are a herbivore.
You cover ground extremely quickly.
You need to consume almost no food.


Message History

The ball python closely misses you. The ball python constricts you.
You closely miss the ball python. The ball python barely misses you.
The ball python constricts you.
You hit the ball python but do no damage.
The ball python bites you. The ball python constricts you.
The ball python misses you. The ball python constricts you.
You hit the ball python but do no damage.
The ball python closely misses you. The ball python constricts you.
You barely miss the ball python. The ball python bites you.
The ball python constricts you.
You closely miss the ball python. The ball python misses you.
The ball python constricts you. The ball python misses you.
The ball python constricts you.
The orc priest shouts!
You hit the ball python.
You kill the ball python!
The orc priest calls down the wrath of Beogh upon you.
Beogh smites you!
Ouch! That really hurt!
You die...

░..░░░░░░░░░░.░ ░.░ ░.░░
░. .░.░░░░░.░ ░..░ ░.
.░....░░.░░░░░░
░░.░░░░'░░░'░░░░..........
░.░ .'.....'..░..........
░.░ ░.....░..░..........
░.░░░░.....░░░░..........
░.░..░..)..░..░..........
░.░..░..i..░..░..........
░.░'░░░░'░░░░'░..........
░...................░.)..
░.........o.........'....
░░..................░....
░░+░░░░'░░░░'░.░░'░░....
░.....░..░.░░.░░....
░.....░..░.░░.░░....
░.....░░░░>.........


You could see an orc priest.

Vanquished Creatures
  An orc priest (D:3)
  9 adders
  2 worms
  A dart slug (D:1)
  A leopard gecko (D:1)
  3 orcs (D:3)
  6 ball pythons
  4 giant cockroaches
  7 goblins
  8 hobgoblins
  4 jackals
  5 kobolds
  10 bats
  2 frilled lizards (D:1)
  3 rats
66 creatures vanquished.

Notes
Turn   | Place    | Note
-------+----------+-------------------------------------------
     0 | D:1      | utis the Spriggan Earth Elementalist began the quest for
                  | the Orb.
     0 | D:1      | Reached XP level 1. HP: 9/9 MP: 5/5
   199 | D:1      | Reached XP level 2. HP: 13/13 MP: 2/6
   290 | D:1      | Reached skill level 3 in Spellcasting
  1026 | D:1      | Reached XP level 3. HP: 13/16 MP: 3/8
  1110 | D:2      | Found a basalt altar of Yredelemnul.
  1201 | D:2      | Learned a level 3 spell: Stone Arrow
  1215 | D:1      | Learned a level 2 spell: Passwall
  1515 | D:2      | Reached skill level 1 in Conjurations
  1630 | D:2      | Reached XP level 4. HP: 21/21 MP: 5/10
  1636 | D:2      | what
  2149 | D:3      | Found a runed gate.
  2150 | D:3      | Found a runed gate.
  2426 | D:3      | Reached skill level 4 in Spellcasting
  2495 | D:3      | sigh
  2498 | D:3      | Reached XP level 5. HP: 5/24 MP: 1/12
  3119 | D:3      | Found a runed gate.
  3135 | D:3      | Noticed Paps's ghost (amateur DsFi)
  3750 | D:3      | Reached skill level 5 in Spellcasting
  3760 | D:3      | Killed from afar by an orc priest

Skill      XL: |  1  2  3  4  5 |
---------------+----------------+-----
Earth Magic    | 3 |  3.5
Spellcasting   | 3 4 5 |  5.0
Conjurations   | 1 2 |  2.1
Dodging        | |  3.0
Stealth        | |  3.0
Transmutations | |  1.3

Action                   |  1- 3 |  4- 6 || total
-------------------------+-------+-------++-------
Melee: Mace              |     1 |     1 ||     2
       Whip              |       |    83 ||    83
 Cast: Sandblast         |    70 |     8 ||    78
       Stone Arrow       |       |    20 ||    20
 Stab: Sleeping          |     1 |     6 ||     7
  Eat: Ration            |       |     1 ||     1
Armor: Robe              |     2 |     9 ||    11
Dodge: Dodged            |    35 |    88 ||   123
